 Dungeon Crawl Stone Soup version 0.24-a0-375-g4de66ed42b (webtiles) character file.

Game seed: 14632754306188999470

186 Brecoman the Sneak (level 5, -7/28 HPs)
             Began as a Kobold Enchanter on May 31, 2019.
             Killed from afar by an orc wizard (8 damage)
             ... with a magic dart
             ... on level 4 of the Dungeon.
             The game lasted 00:15:41 (4930 turns).

Brecoman the Sneak (Kobold Enchanter)               Turns: 4930, Time: 00:15:42

Health: -7/28      AC:  3    Str:  5    XL:     5   Next: 97%
Magic:  0/9        EV: 15    Int: 16    God:
Gold:   202        SH:  0    Dex: 17    Spells: 7/10 levels left

rFire    . . .     SeeInvis .   a - +1 dagger
rCold    . . .     Gourm    .   (shield restricted)
rNeg     . . .     Faith    .   b - +0 robe
rPois    .         Spirit   .   f - +0 helmet
rElec    .         Reflect  .   (no cloak)
rCorr    .         Harm     .   (no gloves)
MR       .....                  (no boots)
Stlth    +++.......             (no amulet)
HPRegen  0.09/turn              (no ring)
MPRegen  0.11/turn              (no ring)

@: very slightly contaminated
A: small, carnivore
a: no special abilities


You were on level 4 of the Dungeon.
You were very full.

You visited 1 branch of the dungeon, and saw 4 of its levels.

You collected 202 gold pieces.

Inventory:

Hand Weapons
 a - a +1 dagger (weapon)
Armour
 b - a +0 robe (worn)
 f - a +0 helmet (worn)
 o - a cursed +0 cloak
 v - a +0 leather armour
Jewellery
 c - an uncursed amulet of regeneration {unknown}
 i - an uncursed amulet of harm {unknown}
 r - an uncursed ring of fire {unknown}
Wands
 q - a wand of enslavement (9)
 y - a wand of random effects (11)
Scrolls
 k - a scroll of blinking {unknown}
 m - 3 scrolls of magic mapping {unknown}
 n - 2 scrolls of teleportation {unknown}
 p - 4 scrolls of identify {unknown}
 t - a scroll of noise {unknown}
 u - a scroll of remove curse {unknown}
Potions
 e - 3 potions of flight {unknown}
 g - a potion of curing
 h - 3 potions of brilliance {unknown}
 j - a potion of mutation {unknown}
 l - a potion of degeneration {unknown}
 s - a potion of haste {unknown}
 w - a potion of invisibility {unknown}
 x - a potion of heal wounds {unknown}
Comestibles
 d - 11 rations
 z - 3 chunks of flesh


   Skills:
 - Level 3.2 Short Blades
 - Level 2.4 Dodging
 - Level 5.1 Stealth
 - Level 3.1 Spellcasting
 * Level 4.0 Hexes
 + Level 1.9 Ice Magic


You had 7 spell levels left.
You knew the following spells:

 Your Spells              Type           Power        Failure   Level  Hunger
a - Corona                Hex            ###....      3%          1    None
b - Ensorcelled Hibernat  Hex/Ice        ##....       9%          2    ##.....

Your spell library contained the following spells:

 Spells                   Type           Power        Failure   Level  Hunger
 Confuse                  Hex            ###.....     11%         3    ###....
 Tukima's Dance           Hex            ###.....     11%         3    ###....
 Dazzling Spray           Conj/Hex       #.....       24%         3    ###....


Dungeon Overview and Level Annotations

Branches:
Dungeon (4/15)
 Temple: D:4-7

Altars:
Ashenzari
Nemelex Xobeh
Uskayaw


Innate Abilities, Weirdness & Mutations

You are small and have problems with some larger weapons.
You are carnivorous and can eat meat at any time.


Message History

The orc wizard is lightly wounded.
The orc wizard hits you but does no damage.
You barely miss the orc wizard.
The orc wizard is lightly wounded.
Casting: Ensorcelled Hibernation (safe; 9% risk of failure)
Confirm with . or Enter, or press ? or * to list all spells.
Aiming: Ensorcelled Hibernation (safe; 9% risk of failure)
Press: ? - help, Shift-Dir - straight line, f/p - orc wizard
Aim: an orc wizard, wielding a +0 dagger and wearing a +0 robe (lightly wounded, chance to defeat MR: 43%)
The orc wizard resists with some effort.
The orc wizard hits you with a +0 dagger.
You hit the orc wizard.
The orc wizard is moderately wounded.
The orc wizard casts a spell at you. The puff of flame hits you!
* * * LOW HITPOINT WARNING * * *
Okay, then.
The orc wizard gestures at you while chanting.
The magic dart hits you!
You die...

.. #...........'...##'#####
...#......<....#...##))..##
...#.....#######).........#
.'.....#................#
#.....#................#
#.....#................#
#.....###..##.####.##.####
. ###.....##+##'# ####.##.#
. #.....#....@# #.....# .
#...o.#.....# #.....# .
#.....#..o..# #.....# .#
#.....#....[# #.....# .#
#.....#.....# #.....# .#
#.....†.....# #......# .#
######......# ##....## .#
#......# ###### .#
#.........


You could see an orc wizard.

Vanquished Creatures
  An orc priest (D:3)
  A centaur skeleton (D:4)
  4 adders
  2 oozes (D:3)
  A worm (D:2)
  3 dart slugs (D:1)
  2 leopard geckos
  9 orcs
  9 bats
  2 giant cockroaches (D:2)
  6 goblins
  7 hobgoblins
  6 kobolds
  A quokka (D:3)
  A ball python (D:2)
  5 frilled lizards
  10 rats
70 creatures vanquished.

Notes
Turn   | Place    | Note
-------+----------+-------------------------------------------
     0 | D:1      | Brecoman the Kobold Enchanter began the quest for the Orb.
     0 | D:1      | Reached XP level 1. HP: 10/10 MP: 3/3
    42 | D:1      | Reached XP level 2. HP: 15/15 MP: 0/5
   130 | D:1      | Learned a level 2 spell: Ensorcelled Hibernation
   676 | D:1      | Reached XP level 3. HP: 17/19 MP: 6/6
  1298 | D:2      | Found a shattered altar of Ashenzari.
  1660 | D:2      | Reached XP level 4. HP: 23/24 MP: 6/8
  2214 | D:2      | Reached skill level 1 in Ice Magic
  2611 | D:3      | Found a sparkling altar of Nemelex Xobeh.
  2858 | D:3      | Reached XP level 5. HP: 27/28 MP: 9/9
  3174 | D:3      | Found a hide-covered altar of Uskayaw.
  3320 | D:3      | Reached skill level 5 in Stealth
  4926 | D:4      | HP: 1/28 [orc wizard/puff of flame (9)]
  4930 | D:4      | Killed from afar by an orc wizard

Levels and vault maps discovered:
D:1:      lightli_arrival_maybe_door_vault, layout_basic
D:2:      layout_rooms, overflow_temple_1_default
D:3:      layout_loops_ring, eat_drink_and_be_merry_uskayaw,
          overflow_temple_1_default, minivault_27
D:4:      layout_gridville

Skill      XL: |  1  2  3  4  5 |
---------------+----------------+-----
Short Blades   | 2 3 |  3.2
Ice Magic      | 1 |  1.9
Spellcasting   | 3 |  3.1
Stealth        | 5 |  5.1
Hexes          | 4 |  4.0
Dodging        | |  2.4

Action                   |  1- 3 |  4- 6 || total
-------------------------+-------+-------++-------
Melee: Dagger            |    96 |   188 ||   284
 Cast: Corona            |    19 |    15 ||    34
       Ensorcelled Hiber |     3 |    22 ||    25
  Use: Potion            |     1 |       ||     1
 Stab: Sleeping          |     4 |    15 ||    19
  Eat: Chunk             |    11 |    11 ||    22
Armor: Robe              |    11 |    23 ||    34
Dodge: Dodged            |    64 |   124 ||   188

Table legend:
 A = Non-vault XP
 B = Vault XP
 C = Vault XP percentage of total XP
 D = Non-vault monster count
 E = Vault monster count
 F = Vault count percentage of total count
                 A         B        C        D         E       F
            +---------+---------+-------+---------+---------+-------
      Total |     266 |       0 |   0.0 |      70 |       0 |   0.0
            +---------+---------+-------+---------+---------+-------
        D:1 |      38 |       0 |   0.0 |      20 |       0 |   0.0
        D:2 |      64 |       0 |   0.0 |      23 |       0 |   0.0
        D:3 |      96 |       0 |   0.0 |      19 |       0 |   0.0
        D:4 |      68 |       0 |   0.0 |       8 |       0 |   0.0
            +---------+---------+-------+---------+---------+-------
